 Dungeon Crawl Stone Soup version 0.31.0-11-ge490571c62 (webtiles) character file.

Game seed: 14174212404470465269

1303 James the Thaumaturge (level 8, -1/44 HPs)
             Began as a Deep Elf Necromancer on Feb 8, 2024.
             Was an Initiate of Kikubaaqudgha.
             Slain by Duvessa
             ... wielding a +3 short sword of speed
              (16 damage)
             ... on level 4 of the Dungeon.
             The game lasted 00:25:20 (7383 turns).

James the Thaumaturge (Deep Elf Necromancer)        Turns: 7383, Time: 00:25:21

Health: -1/44      AC:  7    Str: 11    XL:     8   Next: 31%
Magic:  17/31      EV: 13    Int: 23    God:    Kikubaaqudgha [......]
Gold:   267        SH:  0    Dex: 15    Spells: 13/24 levels left

rFire   . . .        a - +1 dagger (drain)
rCold   . . .        (no shield)
rNeg    . . .        s - +2 leather armour {rPois}
rPois   +            r - +1 helmet
rElec   .            (no cloak)
rCorr   .            (no gloves)
SInv    .            (no boots)
Will    .....        (no amulet)
Stlth   ++           J - +6 ring of strength
HPRegen 0.27/turn    Z - ring of magical power
MPRegen 0.22/turn

%: no passive effects
@: very slightly contaminated
A: no striking features
a: Renounce Religion


You were on level 4 of the Dungeon.
You worshipped Kikubaaqudgha.
Kikubaaqudgha was noncommittal.
You visited 2 branches of the dungeon, and saw 6 of its levels.

You collected 267 gold pieces.

Inventory:

Hand Weapons
 a - a +1 dagger of draining (weapon)
   (You took it off a goblin on level 3 of the Dungeon)
 b - a +0 trident
   (You found it on level 2 of the Dungeon)
 I - a +0 short sword
   (You took it off a kobold on level 3 of the Dungeon)
 N - a +0 rapier
   (You found it on level 4 of the Dungeon)
Missiles
 e - 3 throwing nets (quivered) {!f}
 l - 4 javelins
 u - 27 poisoned darts
 C - 7 boomerangs
Armour
 c - a +0 robe
 i - a +0 robe
   (You found it on level 1 of the Dungeon)
 o - a +0 robe
   (You took it off Jessica on level 2 of the Dungeon)
 q - a +0 animal skin
   (You took it off Robin on level 2 of the Dungeon)
 r - a +1 helmet (worn)
   (You took it off Robin on level 2 of the Dungeon)
 s - a +2 leather armour of poison resistance (worn)
   (You found it on level 2 of the Dungeon)
 t - a +0 robe
   (You took it off a wight on level 4 of the Dungeon)
 x - a +0 leather armour
   (You took it off an orc on level 5 of the Dungeon)
 y - a +0 robe
   (You took it off a wight on level 5 of the Dungeon)
 z - a +0 robe
   (You took it off an orc wizard on level 4 of the Dungeon)
 A - a +0 plate armour
   (You found it on level 4 of the Dungeon)
 D - a +0 leather armour
   (You took it off a goblin on level 3 of the Dungeon)
 E - a +0 robe
   (You took it off a wight on level 5 of the Dungeon)
 F - an orb of light
   (You found it on level 3 of the Dungeon)
 G - a +0 leather armour
   (You took it off an orc on level 3 of the Dungeon)
 M - a +0 leather armour
   (You took it off a hobgoblin on level 4 of the Dungeon)
 O - a +0 ring mail
   (You found it on level 4 of the Dungeon)
 P - a +0 robe
   (You found it on level 4 of the Dungeon)
 Q - an orb of energy
   (You took it off a kobold on level 3 of the Dungeon)
 T - a +0 leather armour
   (You took it off a gnoll bouda on level 4 of the Dungeon)
 U - a +0 robe
   (You took it off a wight on level 5 of the Dungeon)
 X - a +0 ring mail
   (You took it off an orc on level 5 of the Dungeon)
Magical Staves
 Y - a staff of air
   (You found it on level 5 of the Dungeon)
Jewellery
 J - a +6 ring of strength (left hand)
   (You found it on level 3 of the Dungeon)
 Z - a ring of magical power (right hand)
   (You found it on level 5 of the Dungeon)
Wands
 v - a wand of digging (4)
   (You found it on level 4 of the Dungeon)
Scrolls
 d - 2 scrolls of enchant armour
 g - 2 scrolls of teleportation {@r4}
 h - a scroll of revelation
 j - a scroll of identify {@r1}
 k - a scroll of summoning {unknown}
 B - 2 scrolls of amnesia
 K - a scroll of fog {unknown}
 L - a scroll of silence {unknown}
 S - 3 scrolls of fear
 W - 2 scrolls of enchant weapon {unknown}
Potions
 f - a potion of enlightenment {unknown}
 m - a potion of magic
 n - 4 potions of heal wounds {@q2}
 p - 2 potions of attraction {!q}
 w - a potion of haste {@q3}
 H - a potion of brilliance
 R - a potion of mutation {!q}
 V - 2 potions of curing {@q1}


   Skills:
 - Level 2.0 Fighting
 - Level 2.0 Armour
 + Level 4.9 Dodging
 - Level 3.0 Stealth
 + Level 8.6 Spellcasting
 + Level 8.5 Necromancy


You had 13 spell levels left.
You knew the following spells:

 Your Spells              Type           Power      Damage    Failure   Level
d - Dispel Undead         Necr           49%        3d18      2%          4
q - Vampiric Draining     Necr           49%        2d9       1%          3
u - Animate Dead          Necr           49%        N/A       2%          4

Your spell library contained the following spells:

 Spells                   Type           Power      Damage    Failure   Level
 Kiss of Death            Conj/Necr      100%       2d13      1%          1
 Necrotise                Necr           100%       1d9       1%          1
 Fugue of the Fallen      Necr           49%        N/A       1%          3
 Curse of Agony           Necr           49%        N/A       7%          5
 Confusing Touch          Hex            9%         N/A       26%         3
 Dazzling Flash           Conj/Hex       18%        N/A       26%         3
 Ozocubu's Armour         Ice            9%         N/A       26%         3
 Volatile Blastmotes      Fire/Tloc      18%        2d11      26%         3
 Manifold Assault         Tloc           9%         N/A       65%         4
 Starburst                Conj/Fire      4%         6d4       100%        6
 Maxwell's Capacitive Co  Air            4%         ∞         100%        8


Dungeon Overview and Level Annotations

Branches:
Dungeon (5/15)             Temple (1/1) D:5

Altars:
Cheibriados
Elyvilon
Gozag
Kikubaaqudgha
Makhleb
Okawaru
Qazlal
Ru
Trog
Uskayaw
Vehumet
Wu Jian
Xom
Zin

Annotations:
D:2 1 runed translucent door, Crazy Yiuf
D:4 2 transporters, exclusion: downstairs, Duvessa; lasso's ghost, novice OpSh


Message History

You climb upwards.
Level annotation: 2 transporters, exclusion: downstairs, lasso's ghost, novice OpSh
There is a stone staircase leading down here.
You start resting.
The sentinel's mark upon you fades away.
You start resting.
You climb downwards.
Level annotation: Dowan; Duvessa Duvessa hits you with a +3 short sword of speed! x2
There is a stone staircase leading up here.
Press: ? - help, Shift-Dir - straight line, f - Duvessa
Aim: Duvessa, wielding a +3 short sword of speed and wearing a +3 leather armour You draw life force from Duvessa!
You feel life coursing into your body.
Duvessa hits you with a +3 short sword of speed.
Dowan zaps a wand.
The puff of flame misses you.
Duvessa hits you with a +3 short sword of speed!
* * * LOW HITPOINT WARNING * * *
Press: ? - help, Shift-Dir - straight line, f/p - Duvessa
Aim: Duvessa, wielding a +3 short sword of speed and wearing a +3 leather armour (moderately wounded)
You miscast Vampiric Draining.
You are very lightly contaminated with residual magic.
Nothing appears to happen.
Duvessa hits you but does no damage.
Unknown command.
Duvessa closely misses you. Dowan gestures at you while chanting.
You easily resist.
Duvessa barely misses you.
You climb upwards.
Level annotation: 2 transporters, exclusion: downstairs, lasso's ghost, novice OpSh
There is a stone staircase leading down here.
Press: ? - help, Shift-Dir - straight line, f - Dowan
Aim: Dowan, wielding a +0 dagger, wearing a +0 robe and carrying a wand of flame You draw life force from Dowan!
You feel life coursing into your body! Duvessa closely misses you.
Dowan closely misses you.
Press: ? - help, Shift-Dir - straight line, f/p - Dowan
Aim: Dowan, wielding a +0 dagger, wearing a +0 robe and carrying a wand of flame (severely wounded)
You draw life force from Dowan!
You kill Dowan!
Kikubaaqudgha accepts your kill.
Duvessa screams, "No!
How DARE you!"
Duvessa goes berserk!
You feel life coursing into your body.
Duvessa hits you with a +3 short sword of speed!!
* * * LOW HITPOINT WARNING * * *
Duvessa closely misses you.
Press: ? - help, Shift-Dir - straight line, f - Duvessa
Aim: Duvessa, wielding a +3 short sword of speed and wearing a +3 leather armour (moderately wounded, berserk)
You draw life force from Duvessa!
You feel life coursing into your body!
Duvessa hits you with a +3 short sword of speed!
You die...
Kikubaaqudgha rasps: "You have failed me!
Welcome... death!"

######## #......#
#.####.# #.####.##
#.......# ###########
#.####..# #..)).....##
###.#.....###.####.....#
#...............@).....#
#.#.#.....###...e).....#
#.#.##.#..#
#..###.....##
#.#.......#
#..##.......#
#.#.##...##
#..###.#.#.## #.#......#
#.^# #....## #.####.#<#
#..# #.#.## #.# #.#.#
#..# #.#.# ..# #.#.#
##..###.#.##


You could see Duvessa (berserk).

Vanquished Creatures
  An ice beast (D:5)
  An ogre (D:3)
  2 phantoms
  2 scorpions
  4 wights
  Dowan (D:4)
  A bombardier beetle (D:5)
  A gnoll bouda (D:4)
  A hound (D:4)
  An orc priest (D:4)
  An iguana (D:4)
  Jessica (D:2)
  Natasha (thrice) (D:2)
  An orc wizard (D:4)
  Robin (D:2)
  7 adders
  5 gnolls (D:4)
  A dart slug (D:2)
  A ribbon worm (D:4)
  7 orcs
  5 bats
  5 endoplasms
  6 giant cockroaches
  10 goblins
  10 hobgoblins
  10 jackals
  6 kobolds
  6 quokkas
  9 ball pythons
  2 frilled lizards
  9 rats
121 creatures vanquished.

Vanquished Creatures (collateral kills)
  A howler monkey (D:5)
  A hound (D:5)
  A sleepcap (D:4)
  A gnoll (D:3)
  2 orcs
  An endoplasm (D:3)
  2 goblins
  A jackal (D:4)
  A quokka (D:3)
  A ball python (D:3)
  A butterfly (D:5)
13 creatures vanquished.

Vanquished Creatures (others)
  A howler monkey zombie (D:5)
  4 ball python zombies (D:3)
  A goblin zombie (D:3)
  A hobgoblin zombie (D:3)
  3 orc zombies (D:4)
  A quokka zombie (D:3)
11 creatures vanquished.

Grand Total: 145 creatures vanquished

Notes
Turn   | Place    | Note
-------+----------+-------------------------------------------
     0 | D:1      | James the Deep Elf Necromancer began the quest for the Orb.
     0 | D:1      | Reached XP level 1. HP: 10/10 MP: 6/6
   156 | D:1      | Reached skill level 5 in Necromancy
   267 | D:1      | Reached XP level 2. HP: 15/15 MP: 4/8
   597 | D:1      | Reached skill level 1 in Fighting
   799 | D:1      | Reached XP level 3. HP: 15/20 MP: 8/10
   917 | D:2      | Learned a level 3 spell: Vampiric Draining
  1256 | D:2      | Noticed Jessica
  1314 | D:2      | Noticed Natasha
  1317 | D:2      | Killed Natasha
  1318 | D:2      | Reached XP level 4. HP: 25/25 MP: 10/12
  1378 | D:2      | Noticed Natasha
  1383 | D:2      | Killed Natasha
  1527 | D:2      | Noticed Robin
  1735 | D:2      | Killed Jessica
  1735 | D:2      | Noticed Natasha
  1769 | D:2      | Learned a level 4 spell: Animate Dead
  1783 | D:2      | Killed Natasha
  1784 | D:2      | Reached XP level 5. HP: 29/30 MP: 9/14
  1876 | D:2      | Killed Robin
  2057 | D:2      | Reached skill level 5 in Spellcasting
  2286 | D:2      | Found a runed translucent door.
  2287 | D:2      | Noticed Crazy Yiuf
  2637 | D:3      | Found a hide-covered altar of Uskayaw.
  2726 | D:3      | Found a faded altar of an unknown god.
  3046 | D:3      | Noticed an ogre
  3107 | D:3      | You fall into a shaft and drop 2 floors!
  3107 | D:5      | Entered Level 5 of the Dungeon
  3461 | D:4      | Reached XP level 6. HP: 22/35 MP: 1/16
  3709 | D:4      | Learned a level 4 spell: Dispel Undead
  3744 | D:4      | Found a snail-covered altar of Cheibriados.
  4340 | D:3      | Reached XP level 7. HP: 37/40 MP: 12/19
  5869 | D:4      | Noticed lasso's ghost (novice OpSh)
  5871 | D:4      | Found a transporter.
  5872 | D:4      | Found a transporter.
  5873 | D:4      | Identified the +7 great mace "Weott" {chaos, *Corrode rElec
                  | rPois Dex+8}
  5982 | D:4      | Found a transporter.
  6326 | D:4      | Found a snail-covered altar of Cheibriados.
  6713 | D:4      | Found a transporter.
  6924 | D:5      | Reached skill level 1 in Armour
  6925 | D:5      | Found a staircase to the Ecumenical Temple.
  6966 | D:5      | Reached XP level 8. HP: 33/44 MP: 8/22
  7156 | Temple   | Entered the Ecumenical Temple
  7164 | Temple   | Became a worshipper of Kikubaaqudgha
  7340 | D:5      | Noticed Duvessa
  7341 | D:5      | Noticed Dowan
  7382 | D:4      | Killed Dowan
  7383 | D:4      | Slain by Duvessa

Illustrated notes

Levels and vault maps discovered:
D:1:      sevenhm_arrival_forest_fort_small_5, layout_basic,
          kennysheep_small_spiral, chequers_decorated_corner, minivault_23,
          minmay_3d_cube
D:2:      minmay_inner_zag, layout_loops_ring, grunt_decor_mini_mirrors,
          uniq_robin, uniq_crazy_yiuf_cottage, uniq_natasha, uniq_jessica
D:3:      minmay_chambers_of_threes, layout_basic,
          nicolae_uskayaw_murder_on_the_dancefloor,
          ebering_ecumenical_altar_sacrificial, chequers_hall_statues_y
D:4:      layout_loops_ring, slow_altar_2, gammafunk_ghost_smash
D:5:      layout_rooms, minmay_temple_entry_butterflies, serial_bayou_crossing,
          uniq_duvessa
Temple:   hellmonk_temple_forest_ring

Skill      XL: |  1  2  3  4  5  6  7 |
---------------+----------------------+-----
Necromancy     | 5 6 8 |  8.5
Spellcasting   | 4 5 6 8 |  8.6
Fighting       | 1 2 |  2.0
Dodging        | 3 4 |  4.9
Stealth        | 3 |  3.0
Armour         | 2 |  2.0

Action                     |  1- 3 |  4- 6 |  7- 9 || total
---------------------------+-------+-------+-------++-------
  Melee: Dagger            |    74 |   197 |   100 ||   371
         Punch             |     1 |     3 |     3 ||     7
         Short sword       |       |    14 |    13 ||    27
   Cast: Necrotise         |    25 |    11 |       ||    36
         Vampiric Draining |     1 |    28 |    19 ||    48
         Animate Dead      |       |     5 |     3 ||     8
         Dispel Undead     |       |     2 |     5 ||     7
    Use: Scroll            |       |       |    13 ||    13
   Stab: Sleeping          |     5 |     2 |     1 ||     8
         Distracted        |       |     2 |       ||     2
 Armour: Robe              |    46 |   113 |    16 ||   175
         Leather armour    |       |       |    58 ||    58
  Dodge: Dodged            |    47 |   152 |    92 ||   291
